 Dungeon Crawl Stone Soup version 0.30.1-4-g462c640d31 (webtiles) character file.

Game seed: 15808486845591206618

78 Wiggles the Chopper (level 4, 0/41 HPs)
             Began as a Minotaur Berserker on Aug 29, 2023.
             Was a Believer of Trog.
             Shot with a sling bullet by a goblin (6 damage)
             ... on level 2 of the Dungeon.
             The game lasted 00:01:38 (733 turns).

Wiggles the Chopper (Minotaur Berserker)             Turns: 733, Time: 00:01:39

Health: 0/41       AC:  5    Str: 23    XL:     4   Next: 15%
Magic:  3/3        EV: 11    Int:  4    God:    Trog [**....]
Gold:   38         SH:  0    Dex: 10    Spells: 3/3 levels left

rFire   . . .        a - +0 hand axe
rCold   . . .        (no shield)
rNeg    . . .        h - +0 ring mail
rPois   .            (helmet restricted)
rElec   .            (no cloak)
rCorr   .            (no gloves)
SInv    .            (no boots)
Will    .....        (no amulet) Stlth
                     (no ring)
HPRegen 0.26/turn    (no ring)
MPRegen 0.08/turn

%: no passive effects
@: no status effects
A: horns 2, retaliatory headbutt
a: Renounce Religion, Berserk, Trog's Hand


You were on level 2 of the Dungeon.
You worshipped Trog.
Trog was pleased with you.
You visited 1 branch of the dungeon, and saw 2 of its levels.

You collected 38 gold pieces.

Inventory:

Hand Weapons
 a - a +0 hand axe (weapon)
Armour
 h - a +0 ring mail (worn)
Scrolls
 b - a scroll of teleportation {unknown}
 d - 2 scrolls of magic mapping {unknown}
 f - a scroll of summoning {unknown}
 g - 3 scrolls of identify {unknown}
Potions
 c - a potion of mutation {unknown}


   Skills:
 + Level 4.3 Fighting
 + Level 4.8 Axes
 + Level 2.6 Armour
 + Level 3.1 Dodging


You had 3 spell levels left.
You didn't know any spells.
Your spell library was empty.

Dungeon Overview and Level Annotations

Branches:
Dungeon (2/15)

Altars:


Innate Abilities, Weirdness & Mutations

You have a pair of horns on your head.
You reflexively headbutt those who attack you in melee.


Message History

You hit the frilled lizard.
You kill the frilled lizard!
Trog accepts your kill.
You see here a frilled lizard corpse.
You see here a +0 ring mail.
h - a +0 ring mail You start removing your armour.
You continue taking off your +0 leather armour. x4
You finish taking off your +0 leather armour.
You start putting on your armour.
You continue putting on your +0 ring mail. x5
You finish putting on your +0 ring mail.
You drop a +0 leather armour.
A goblin comes into view. It is wielding a +0 mace.
The goblin shouts!
The goblin unwields a +0 mace.
The goblin wields a +0 sling of electrocution.
You hear the crackle of electricity.
The goblin shoots a sling bullet.
The sling bullet hits you but does no damage.
You are electrocuted!
You are too injured to fight recklessly!
You are too injured to fight recklessly!
You are too injured to fight recklessly!
A bat comes into view.
The goblin shoots a sling bullet.
The sling bullet hits you.
You hit the bat.
You kill the bat!
Trog accepts your kill.
The goblin shoots a sling bullet.
The sling bullet barely misses you.
The goblin shoots a sling bullet.
The sling bullet hits you.
The goblin shoots a sling bullet.
The sling bullet hits you but does no damage.
You are electrocuted!!
* * * LOW HITPOINT WARNING * * *
The goblin shoots a sling bullet.
The sling bullet barely misses you.
The goblin shoots a sling bullet.
The sling bullet hits you.
* * * LOW HITPOINT WARNING * * *
The goblin shoots a sling bullet.
The sling bullet hits you.
You die...

...........# #......
#..........#####....† .
#..............>...#.
#.##........†[##......#.
........................
#..#..........##..#.....
........................
.###.................##♣
.......@...†...........♣
.#...g.............#..♣.
#.#.##..##..#......).♣
.. .....#...........♣
... ......?.#..[.....#♣
...............#...... .
..........##.#.#...♣♣
..........##<.....♣.
#..[..# ♣


You could see a goblin.

Vanquished Creatures
  3 adders (D:2)
  A dart slug (D:2)
  7 bats
  3 endoplasms
  A giant cockroach (D:1)
  5 goblins
  4 hobgoblins (D:1)
  2 quokkas (D:1)
  6 ball pythons
  4 frilled lizards
  5 kobolds
  5 rats
46 creatures vanquished.

Notes
Turn   | Place    | Note
-------+----------+-------------------------------------------
     0 | D:1      | Wiggles the Minotaur Berserker began the quest for the Orb.
     0 | D:1      | Reached XP level 1. HP: 19/19 MP: 0/0
    69 | D:1      | Reached XP level 2. HP: 21/27 MP: 1/1
   362 | D:1      | Reached XP level 3. HP: 33/33 MP: 2/2
   510 | D:1      | Reached ** piety under Trog
   650 | D:2      | Reached XP level 4. HP: 37/41 MP: 3/3
   733 | D:2      | Shot with a sling bullet by a goblin

Illustrated notes

Levels and vault maps discovered:
D:1:      eino_arrival_water_cross, layout_rooms
D:2:      layout_rooms, shapermc_ecumenical_altar_totnotflames,
          grunt_ministairs_2, uniq_jessica

Skill      XL: |  1  2  3 |
---------------+----------+-----
Axes           | 4 |  4.8
Fighting       | 4 |  4.3
Dodging        | 3 |  3.1
Armour         | |  2.6

Action                     |  1- 3 |  4- 6 || total
---------------------------+-------+-------++-------
  Melee: Hand axe          |    69 |     8 ||    77
         Headbutt          |    12 |       ||    12
 Armour: Animal skin       |     4 |       ||     4
         Leather armour    |    12 |       ||    12
         Ring mail         |       |     2 ||     2
  Dodge: Dodged            |    48 |    10 ||    58
